 Dungeon Crawl Stone Soup version 0.28.0-53-g5a82cb258f (webtiles) character file.

Game seed: 9027840809339704460

319 GigaChad the Slasher (level 6, -2/52 HPs)
             Began as a Minotaur Gladiator on Aug 22, 2022.
             Was an Initiate of Ru.
             Killed by nerve-wracking pain
             ... invoked by Grinder
              (5 damage)
             ... while paralysed by Grinder
             ... on level 3 of the Dungeon.
             The game lasted 00:07:22 (3494 turns).

GigaChad the Slasher (Minotaur Gladiator)           Turns: 3494, Time: 00:07:24

Health: -2/52      AC:  3    Str: 21    XL:     6   Next: 21%
Magic:  5/5        EV:  2    Int:  5    God:    Ru [......]
Gold:   112        SH:  0    Dex: 11    Spells: 5/5 levels left

rFire   . . .      SeeInvis .   p - +3 scythe (venom)
rCold   . . .      Faith    .   (shield currently unavailable)
rNeg    . . .      Spirit   .   b - +0 leather armour
rPois   .          Reflect  .   c - +0 hat
rElec   .          Harm     .   o - scarf {repulsion}
rCorr   .          Rampage  .   (no gloves)
Will    .....                   (no boots)
Stlth   +.........              (no amulet)
HPRegen 0.17/turn               (no ring)
MPRegen 0.09/turn               (no ring)

@: paralysed, repel missiles
A: horns 2, retaliatory headbutt
a: Renounce Religion, Sacrifice Resistance, Sacrifice an Eye, Sacrifice Drink,
Reject Sacrifices


You were on level 3 of the Dungeon.
You worshipped Ru.
Ru was noncommittal.
You visited 1 branch of the dungeon, and saw 3 of its levels.

You collected 112 gold pieces.

Inventory:

Hand Weapons
 a - a +0 long sword
 h - a +1 spear of pain
 p - a +3 scythe of venom (weapon)
Missiles
 d - 3 throwing nets (quivered)
Armour
 b - a +0 leather armour (worn)
 c - a +0 hat (worn)
 o - a scarf of repulsion (worn)
Jewellery
 l - a ring of see invisible
Scrolls
 e - 5 scrolls of identify {unknown}
 f - a scroll of amnesia {unknown}
 g - a scroll of brand weapon {unknown}
 j - 4 scrolls of blinking {unknown}
 m - 2 scrolls of torment {unknown}
Potions
 i - a potion of might {unknown}
 k - a potion of brilliance {unknown}
 n - a potion of curing {unknown}


   Skills:
 + Level 4.0 Fighting
 + Level 5.8 Long Blades
 + Level 0.2 Polearms
 + Level 2.0 Throwing
 + Level 2.7 Armour
 + Level 4.7 Dodging
 + Level 0.5 Stealth


You had 5 spell levels left.
You didn't know any spells.
Your spell library was empty.

Dungeon Overview and Level Annotations

Branches:
Dungeon (3/15)

Altars:
Ru

Annotations:
D:3 3 runed translucent doors, Grinder; oldmanjim's ghost, novice HOFi


Innate Abilities, Weirdness & Mutations

You have a pair of horns on your head.
You reflexively headbutt those who attack you in melee.


Message History

You are frozen.
* * * LOW HITPOINT WARNING * * *
The endoplasm misses you.
You barely miss the endoplasm. The endoplasm misses you. x2
You furiously retaliate!
You headbutt the endoplasm!
You kill the endoplasm!
The kobold closely misses you. You furiously retaliate!
You headbutt the kobold!
You kill the kobold!
Grinder says, "Just stop there for a second..."
Grinder completely misses you. You furiously retaliate!
You headbutt Grinder! Grinder gestures at you. Pain shoots through your body!
* * * LOW HITPOINT WARNING * * *
Things that are here:
a +0 short sword; 4 stones Grinder misses you.
You furiously retaliate!
You headbutt Grinder.
Grinder says, "Don't move a muscle."
Grinder closely misses you.
Things that are here:
a +0 short sword; 4 stones You closely miss Grinder.
Your headbutt misses Grinder.
Grinder is almost dead.
Grinder hits you.
* * * LOW HITPOINT WARNING * * *
You writhe in agony.
* * * LOW HITPOINT WARNING * * *
Grinder gestures at you. Pain shoots through your body!
* * * LOW HITPOINT WARNING * * *
You barely miss Grinder. Your headbutt misses Grinder.
Grinder is almost dead.
Grinder hits you but does no damage. Grinder misses you.
You closely miss Grinder.
Grinder is almost dead.
Grinder gestures at you.
You suddenly lose the ability to move!
Grinder gestures at you. Pain shoots through your body!
You die...

.. ###### .. . #....#
##########.# .#.
####....###..........##..
...†....................
###.....###.####.#.#..#
.##.....###.[.##.#)#.###
.##.........#.##.#.....#
.##.#.......<...@...#..#
.##.#........###5###.......
###.#........###... .....#.
###.#................###...
.##.#.................. ..
....########...........
###.# ............ # #
...###...... # ..#


You could see Grinder.

Vanquished Creatures
  Sigmund (D:3)
  Jessica (D:2)
  Robin (D:3)
  2 adders
  A worm (D:2)
  2 dart slugs
  8 orcs
  14 ball pythons
  7 endoplasms
  2 giant cockroaches
  13 goblins
  7 hobgoblins
  2 quokkas (D:1)
  10 bats
  2 frilled lizards (D:1)
  3 kobolds
  14 rats
90 creatures vanquished.

Notes
Turn   | Place    | Note
-------+----------+-------------------------------------------
     0 | D:1      | GigaChad the Minotaur Gladiator began the quest for the
                  | Orb.
     0 | D:1      | Reached XP level 1. HP: 18/18 MP: 0/0
   128 | D:1      | Reached skill level 4 in Long Blades
   128 | D:1      | Reached XP level 2. HP: 20/25 MP: 1/1
   928 | D:1      | Reached XP level 3. HP: 30/30 MP: 2/2
  1017 | D:2      | Reached skill level 1 in Armour
  1156 | D:2      | HP: 1/30 [hobgoblin (3)]
  1507 | D:2      | HP: 1/31 [orc/+0 dagger (3)]
  1956 | D:2      | Found a faded altar of an unknown god.
  1957 | D:2      | Reached XP level 4. HP: 36/38 MP: 3/3
  1964 | D:2      | Noticed Jessica
  1974 | D:2      | Killed Jessica
  1990 | D:2      | Prayed at the altar of an unknown god.
  1990 | D:2      | Became a worshipper of Ru the Awakened
  2693 | D:3      | Noticed Robin
  2725 | D:3      | Killed Robin
  2726 | D:3      | Reached skill level 5 in Long Blades
  2726 | D:3      | Reached XP level 5. HP: 10/45 MP: 4/4
  2845 | D:3      | Noticed oldmanjim's ghost (novice HOFi)
  2958 | D:3      | Found a runed translucent gate.
  2958 | D:3      | Found a runed translucent gate.
  2960 | D:3      | Found a runed translucent gate.
  3003 | D:3      | Noticed Sigmund
  3010 | D:3      | Killed Sigmund
  3011 | D:3      | Reached XP level 6. HP: 14/52 MP: 5/5
  3467 | D:3      | Noticed Grinder
  3492 | D:3      | HP: 2/52 [Grinder/nerve-wracking pain (3)]
  3494 | D:3      | Paralysed by Grinder for 7 turns
  3494 | D:3      | Killed from afar by Grinder

Illustrated notes

Levels and vault maps discovered:
D:1:      eino_arrival_druids_welcome, layout_rooms
D:2:      layout_rooms, shapermc_ecumenical_altar_starsandcircs, uniq_jessica
D:3:      layout_basic, mainiacjoe_overflow_alcove_4, gammafunk_ghost_split,
          serial_shops, nicolae_shop_statue_plus, uniq_robin, uniq_sigmund,
          uniq_grinder, uniq_crazy_yiuf_cottage

Skill      XL: |  1  2  3  4  5 |
---------------+----------------+-----
Long Blades    | 4 5 |  5.8
Armour         | 1 2 |  2.7
Dodging        | 4 |  4.7
Fighting       | 3 4 |  4.0
Polearms       | |  0.2
Throwing       | |  2.0
Stealth        | |  0.5

Action                   |  1- 3 |  4- 6 || total
-------------------------+-------+-------++-------
Melee: Long sword        |    63 |    50 ||   113
       Headbutt          |    10 |     5 ||    15
       Spear             |    14 |       ||    14
       Scythe            |       |    12 ||    12
Armor: Leather armour    |    51 |    29 ||    80
Dodge: Dodged            |   105 |    79 ||   184
       Repelled          |       |     3 ||     3
